 Dungeon Crawl Stone Soup version 0.17-a0-1954-g0dddeaa (webtiles) character file.

16 HungrySpirit the Ruffian (level 2, 0/25 HPs)
             Began as a Naga Transmuter on Oct 4, 2015.
             Slain by a goblin
             ... wielding a +0 club
              (5 damage)
             ... on level 1 of the Dungeon.
             The game lasted 00:01:05 (720 turns).

HungrySpirit the Ruffian (Naga Transmuter)           Turns: 720, Time: 00:01:05

Health: 0/25       AC:  1    Str: 12    XL:     2   Next: 54%
Magic:  4/5        EV: 10    Int: 13    God:
Gold:   29         SH:  0    Dex: 11    Spells: 1 memorised, 4 levels left

rFire  . . .     SeeInvis +       - Unarmed
rCold  . . .     Clarity  .     b - +0 robe
rNeg   . . .     SustAt   .     (no shield)
rPois  +         Gourm    .     (no helmet)
rElec  .         Spirit   .     (no cloak)
rCorr  .         Warding  .     (no gloves)
rMut   .         Stasis   .     (no barding)
MR     .....                    (no amulet)
Stlth  +.........               (no ring)
                                (no ring)

@: appendage, very slow, not resistant to hostile enchantments, very unstealthy
A: horns 2, see invisible, deformed body, poison resistance, slowness 2, slow
metabolism 1, spit poison 2, AC +0
a: Spit Poison, End Transformation


You were on level 1 of the Dungeon.
You were not hungry.
You had grown temporary horns.
You visited 1 branch of the dungeon, and saw 1 of its levels.

You collected 29 gold pieces.

Inventory:

Missiles
 a - 12 arrows
Armour
 b - a +0 robe (worn)
Scrolls
 e - a scroll of blinking {unknown}
Books
 c - a book of Changes

   Spells                             Type                      Level
   a - Beastly Appendage              Transmutation                1
   b - Sticks to Snakes               Transmutation                2
   c - Spider Form                    Transmutation/Poison         3
   d - Ice Form                       Ice/Transmutation            4
   e - Blade Hands                    Transmutation                5
Comestibles
 d - a bread ration
 f - 2 meat rations
 g - 2 chunks of flesh


   Skills:
 - Level 1.0 Fighting
 - Level 1.5 Dodging
 * Level 3.3 Unarmed Combat
 + Level 2.3 Spellcasting
 + Level 2.3 Transmutations


You had 4 spell levels left.
You knew the following spells:

 Your Spells              Type           Power        Failure   Level  Hunger
a - Beastly Appendage     Trmt           #.....       12%         1    #......


Dungeon Overview and Level Annotations

Branches:
Dungeon (1/15)

Altars:


Innate Abilities, Weirdness & Mutations

You cannot wear boots.
Your serpentine skin is tough (AC +0).
You have supernaturally acute eyesight.
Armour fits poorly on your strangely shaped body.
Your system is resistant to poisons.
You cover ground very slowly.
You have a slow metabolism.
You can spit poison.
You have a pair of horns on your head.


Message History

g - 2 chunks of flesh You see here a giant gecko skeleton.
You start resting.
Magic restored.
You start resting.
Your horns disappear.
A goblin comes into view. It is wielding a club.
The goblin shouts!
The goblin drinks a potion.
The goblin seems to speed up.
Found 5 tomahawks and a scroll labeled VYSUUD MOINOE.
A hobgoblin comes into view.
The hobgoblin shouts!
The goblin hits you with a club.
A hobgoblin comes into view. It is wielding a club.
Casting: Beastly Appendage
Confirm with . or Enter, or press ? or * to list all spells.
You grow a pair of large bovine horns.
The goblin hits you with a club.
* * * LOW HITPOINT WARNING * * *
The ball python barely misses you.
You barely miss the goblin. The goblin hits you with a club.
You die...

..§#..# ... ..≈#..# .....
..≈#..## #.#.# .#
..8#...##### #.#.# ...
####.......# #(#.# ....
.....#####.###.#?####....
......####.(##(#......g..
.........[....÷#....g....
....[.####.((.(S@).......
......# #.)###.g.?......
......# #............(..
.....## #......>##..####
....## #....#..# #.#
##### #........ ..#
.......... ... ..........
##. ..........


You could see 2 hobgoblins, a goblin and a ball python.

Vanquished Creatures
  An ooze (D:1)
  A giant gecko (D:1)
  A bat (D:1)
  2 goblins (D:1)
  A hobgoblin (D:1)
  3 kobolds (D:1)
  2 rats (D:1)
11 creatures vanquished.

Notes
Turn   | Place    | Note
--------------------------------------------------------------
     0 | D:1      | HungrySpirit the Naga Transmuter began the quest for the Orb.
     0 | D:1      | Reached XP level 1. HP: 18/18 MP: 3/3
   331 | D:1      | Reached XP level 2. HP: 22/25 MP: 3/5
   720 | D:1      | Slain by a goblin

Vault maps used:
D:1:      lightli_arrival_noodles

Action                   || total
-------------------------++-------
Melee: Unarmed           ||    48
 Cast: Beastly Appendage ||     8
